Map: Orbital Shipyard

Players

SolaCe (Nina) - Winner!

  • Race: Protoss Protoss
  • League: Master

Plurmorant

  • Race: Zerg Zerg
  • League: Master

Event: ASL Season 5 Prime League LOTV Beta

VOD

Have the link to the VOD?

Description

Time

  • Played on: Sept. 10, 2015, 8:24 p.m.
  • Length: 8:32

All games in this series

Show
View Real Time Build Order
Export as new Build Order

SolaCe Protoss - Winner!

Build Orders: Nexus First 

Get SALT Encoding   

  12  0:01  Probe (Chrono Boost)  
  13  0:14  Pylon  
  13  0:17  Probe (Chrono Boost)  
  14  0:27  Probe (Chrono Boost)  
  15  0:37  Probe (Chrono Boost)  
  16  0:48  Probe (Chrono Boost)  
  17  0:57  Nexus  
  17  1:00  Probe (Chrono Boost)  
  18  1:10  Probe (Chrono Boost)  
  19  1:13  Gateway  
  19  1:20  Probe (Chrono Boost)  
  20  1:27  Assimilator  
  20  1:29  Assimilator  
  20  1:30  Probe (Chrono Boost)  
  21  1:35  Pylon  
  21  1:40  Probe (Chrono Boost)  
  22  1:50  Probe (Chrono Boost)  
  23  2:00  Probe (Chrono Boost)  
  23  2:01  Cybernetics Core  
  24  2:02  Gateway  
  24  2:10  Probe (Chrono Boost)  
  24  2:11  Probe (Chrono Boost)  
  26  2:20  Probe (Chrono Boost)  
  26  2:21  Probe (Chrono Boost)  
  28  2:31  Probe x2 (Chrono Boost)  
  29  2:39  Warp Gate  
  29  2:40  Adept  
  29  2:41  Mothership Core (Chrono Boost), Probe (Chrono Boost)  
  34  2:50  Stalker  
  36  2:51  Probe (Chrono Boost)  
  36  2:54  Pylon  
  37  2:59  Probe (Chrono Boost)  
  37  3:01  Probe (Chrono Boost)  
  39  3:07  Stargate  
  39  3:09  Probe (Chrono Boost)  
  39  3:11  Probe (Chrono Boost)  
  41  3:16  Assimilator  
  41  3:19  Probe (Chrono Boost)  
  42  3:22  Probe (Chrono Boost)  
  43  3:29  Probe (Chrono Boost)  
  43  3:32  Probe (Chrono Boost)  
  45  3:38  Assimilator  
  45  3:39  Probe (Chrono Boost)  
  46  3:42  Probe (Chrono Boost)  
  47  3:49  Probe (Chrono Boost)  
  47  3:50  Probe (Chrono Boost), Void Ray (Chrono Boost)  
  53  3:57  Pylon  
  53  4:00  Pylon  
  53  4:01  Probe  
  54  4:07  Probe  
  53  4:13  Probe  
  53  4:16  Pylon  
  54  4:17  Probe  
  54  4:22  Gateway  
  54  4:23  Gateway  
  55  4:25  Probe  
  55  4:26  Pylon x2  
  55  4:27  Probe, Stargate  
  55  4:29  Void Ray (Chrono Boost)  
  63  4:37  Probe  
  62  4:38  Probe  
  62  4:44  Protoss Air Weapons Level 1  
  63  4:48  Probe  
  63  4:49  Probe  
  65  4:55  Sentry  
  65  4:58  Probe  
  67  5:01  Probe  
  67  5:02  Twilight Council  
  67  5:06  Nexus  
  69  5:09  Pylon  
  69  5:11  Phoenix (Chrono Boost)  
  73  5:16  Probe, Phoenix (Chrono Boost)  
  73  5:18  Probe, Pylon  
  75  5:28  Probe  
  76  5:31  Forge  
  76  5:32  Phoenix (Chrono Boost)  
  76  5:33  Probe  
  79  5:41  Phoenix (Chrono Boost)  
  81  5:50  Assimilator  
  81  5:53  Phoenix (Chrono Boost)  
  81  5:54  Robotics Facility  
  81  5:57  Adept, Assimilator  
  83  5:58  Adept  
  83  6:03  Probe  
  90  6:04  Phoenix (Chrono Boost)  
  90  6:07  Adept  
  92  6:14  Adept  
  92  6:16  Phoenix (Chrono Boost)  
  92  6:17  Pylon  
  96  6:18  Pylon  
  96  6:24  Probe x2  
  98  6:27  Probe  
  98  6:30  Phoenix (Chrono Boost)  
  101  6:36  Probe x2  
  101  6:37  Probe, Phoenix (Chrono Boost)  
  106  6:47  Warp Prism  
  106  6:48  Probe  
  109  6:57  Adept x4  
  109  7:00  Phoenix (Chrono Boost)  
  117  7:16  Probe  
  117  7:17  Phoenix (Chrono Boost)  
  117  7:21  Phoenix (Chrono Boost)  
  122  7:24  Shield Upgrade  
  122  7:28  Adept x3  
  124  7:33  Pylon x2  
  124  7:34  Pylon  
  124  7:36  Pylon  
  120  7:38  Fleet Beacon  
  120  7:47  Nexus, Phoenix x2 (Chrono Boost)  
  122  7:53  Probe  
  122  7:55  Adept  
  122  7:57  Adept x2  
  122  7:58  Adept  
Show
View Real Time Build Order
Export as new Build Order

Plurmorant Zerg 

Build Orders: Hatch First 

Get SALT Encoding   

  12  0:01  Drone  
  13  0:12  Overlord  
  13  0:17  Drone  
  14  0:22  Extractor  
  14  0:23  Drone  
  15  0:30  Drone  
  15  0:34  Drone  
  17  0:51  Hatchery  
  16  1:04  Spawning Pool  
  16  1:06  Drone  
  16  1:09  Extractor  
  15  1:11  Drone  
  15  1:15  Drone  
  17  1:19  Drone  
  18  1:29  Overlord  
  18  1:39  Drone  
  19  1:49  Drone  
  19  1:51  Queen  
  22  2:00  Zergling x2  
  23  2:02  Queen  
  23  2:03  Drone  
  26  2:11  Drone  
  26  2:13  Drone  
  28  2:23  Drone  
  28  2:24  Drone  
  30  2:33  Drone  
  30  2:36  Drone  
  32  2:39  Lair  
  32  2:44  Drone, Extractor  
  32  2:48  Drone  
  33  2:54  Overlord  
  33  2:57  Drone x2  
  33  2:58  Drone  
  36  3:06  Overlord  
  36  3:08  Drone, Extractor  
  36  3:14  Drone x2  
  36  3:16  Zergling x4  
  36  3:17  Zergling x2  
  41  3:24  Drone  
  41  3:31  Zergling x4  
  41  3:32  Drone x2  
  45  3:35  Metabolic Boost  
  45  3:37  Hatchery  
  45  3:39  Drone, Hydralisk Den  
  44  3:41  Drone  
  44  3:45  Drone  
  44  3:46  Drone  
  44  3:47  Drone  
  48  3:50  Drone  
  48  3:54  Queen  
  51  3:59  Drone  
  51  4:07  Overlord  
  51  4:08  Overlord  
  50  4:12  Drone, Muscular Augments  
  50  4:13  Overlord  
  50  4:17  Overlord  
  51  4:22  Overlord  
  51  4:26  Drone x2  
  51  4:28  Drone x2  
  55  4:36  Overlord  
  55  4:40  Drone  
  55  4:41  Overlord, Hydralisk x2  
  55  4:43  Hydralisk  
  62  4:50  Drone x2  
  64  4:53  Drone x3  
  67  5:02  Drone x3  
  67  5:04  Drone x2  
  67  5:05  Drone  
  73  5:11  Drone  
  73  5:12  Hydralisk, Extractor  
  73  5:13  Hydralisk  
  77  5:15  Hydralisk  
  77  5:16  Hydralisk x2  
  83  5:23  Overlord, Hydralisk  
  83  5:25  Hydralisk  
  87  5:36  Overlord x2  
  87  5:37  Hydralisk  
  87  5:40  Overlord x2  
  87  5:41  Overlord, Hydralisk  
  87  5:42  Hydralisk  
  93  5:44  Hydralisk  
  93  5:46  Hydralisk  
  97  5:50  Overlord  
  97  5:52  Overlord  
  97  5:56  Hydralisk x2  
  99  5:57  Hydralisk  
  99  6:01  Hydralisk  
  105  6:06  Hydralisk  
  105  6:10  Extractor, Zergling x10  
  111  6:11  Hydralisk, Extractor  
  111  6:15  Hydralisk  
  114  6:21  Overlord x2  
  114  6:24  Hydralisk  
  116  6:26  Hydralisk  
  118  6:35  Extractor  
  118  6:36  Queen  
  119  6:41  Hydralisk  
  119  6:45  Hydralisk  
  119  6:46  Zergling x6  
  126  6:49  Hydralisk  
  126  6:53  Overlord  
  126  6:54  Hydralisk  
  128  6:55  Overlord  
  128  6:59  Overlord  
  128  7:00  Hydralisk  
  133  7:01  Zergling x4  
  133  7:05  Hydralisk  
  133  7:06  Hydralisk  
  117  7:17  Hydralisk x2  
  117  7:18  Zergling x2  
  117  7:19  Zergling x2  
  117  7:22  Hydralisk x2  
  99  7:25  Hydralisk  
  99  7:27  Zergling x4  
  99  7:29  Hydralisk  
  103  7:32  Hydralisk  
  103  7:35  Hydralisk  
  103  7:36  Zergling x2  
  110  7:38  Zergling x2  
  110  7:41  Spore Crawler, Zergling x2  
  110  7:43  Hydralisk  
  110  7:46  Zergling x2  
  110  7:47  Zergling x2  
  110  7:49  Zergling x4  
  110  7:53  Hydralisk  
  110  7:55  Zergling x4  
  110  7:56  Zergling x2  
  110  7:57  Zergling x2  
  105  7:59  Zergling x2  
  105  8:00  Zergling x2  
  105  8:01  Zergling x2  
  105  8:03  Hydralisk  
  98  8:06  Hydralisk  
Tags
 
Add a new tag
Caveats
  • Supply blocks, unpowered buildings, or Contaminate may cause inaccurate times.
  • Supply counts are checked every 10 seconds.